 Dungeon Crawl Stone Soup version 0.22.0-13-g43fe8f2 (webtiles) character file.

163 digijack the Charmwright (level 5, -1/43 HPs)
             Began as a Gnoll Skald on Aug 16, 2018.
             Slain by Terandir's ghost (2 damage)
             ... on level 3 of the Dungeon.
             The game lasted 00:22:29 (2676 turns).

digijack the Charmwright (Gnoll Skald)              Turns: 2676, Time: 00:22:29

Health: -1/43      AC: 11    Str: 11 (14) XL:     5   Next: 44%
Magic:  12/12      EV:  8    Int: 14 (15) God:
Gold:   196        SH:  9    Dex: 16 (17) Spells: 5/14 levels left

rFire    . . .     SeeInvis .   a - +0 falchion
rCold    . . .     Gourm    .   l - +2 shield
rNeg     . . .     Faith    .   j - +3 scale mail {rPois}
rPois    +         Spirit   .   o - +2 helmet
rElec    .         Reflect  .   (no cloak)
rCorr    .         Harm     .   (no gloves)
MR       .....                  h - +0 pair of boots
Stlth    +.........             (no amulet)
HPRegen  0.14/turn              m - +2 ring of dexterity
MPRegen  0.13/turn              (no ring)

@: no status effects
A: distributed training, fangs 1, deformed body, deterioration 1, MP-powered
wands, strong nose
a: no special abilities


You were on level 3 of the Dungeon.
You were not hungry.

You visited 1 branch of the dungeon, and saw 3 of its levels.

You collected 196 gold pieces.

Inventory:

Hand Weapons
 a - a +0 falchion (weapon)
Missiles
 e - 39 stones (quivered)
 g - 6 steel tomahawks
 k - 4 tomahawks
Armour
 b - a +0 leather armour
 h - a +0 pair of boots (worn)
 j - a +3 scale mail of poison resistance (worn)
 l - a +2 shield (worn)
 o - a +2 helmet (worn)
Jewellery
 m - a +2 ring of dexterity (left hand)
Scrolls
 i - 2 scrolls of remove curse
 p - a scroll of identify
Potions
 c - a potion of flight
Comestibles
 d - 7 rations
 n - 5 chunks of flesh


   Skills:
 + Level 4.8 Fighting
 + Level 1.4 Short Blades
 + Level 4.8 Long Blades
 + Level 1.4 Axes
 + Level 1.4 Maces & Flails
 + Level 1.4 Polearms
 + Level 1.4 Staves
 + Level 1.4 Slings
 + Level 1.4 Bows
 + Level 1.4 Crossbows
 + Level 1.4 Throwing
 + Level 3.0 Armour
 + Level 4.8 Dodging
 + Level 1.4 Stealth
 + Level 1.4 Shields
 + Level 1.4 Unarmed Combat
 + Level 5.2 Spellcasting
 + Level 1.1 Conjurations
 + Level 1.1 Hexes
 + Level 5.5 Charms
 + Level 1.1 Summonings
 + Level 1.1 Necromancy
 + Level 1.1 Translocations
 + Level 1.1 Transmutations
 + Level 1.1 Fire Magic
 + Level 1.1 Ice Magic
 + Level 1.1 Air Magic
 + Level 1.1 Earth Magic
 + Level 1.1 Poison Magic
 + Level 1.6 Invocations
 + Level 1.4 Evocations


You had 5 spell levels left.
You knew the following spells:

 Your Spells              Type           Power        Failure   Level  Hunger
a - Infusion              Chrm           ###.         50%         1    None
b - Shroud of Golubria    Chrm/Tloc      ##........   91%         2    ##.....
c - Regeneration          Chrm/Necr      ##........   99%         3    ###....
d - Spectral Weapon       Hex/Chrm       ##......     99%         3    ###....

Your spell library contained the following spells:

 Spells                   Type           Power        Failure   Level  Hunger
 Song of Slaying          Chrm           ###.....     65%         2    ##.....


Dungeon Overview and Level Annotations

Branches:
Dungeon (3/15)

Altars:

Annotations:
D:3 Terandir's ghost, amateur MiFi


Innate Abilities, Weirdness & Mutations

Your experience applies equally to all skills.
You have very sharp teeth.
Your uncanny sense of smell can sniff out nearby items.
Armour fits poorly on your strangely shaped body.
Your body sometimes deteriorates upon taking damage.
You expend magic power (3 MP) to strengthen your wands.


Message History

You bite Terandir's ghost, but do no damage.
Terandir's ghost is severely damaged.
You block Terandir's ghost's attack. The frilled lizard bites you.
* * * LOW HITPOINT WARNING * * *
Terandir's ghost hits you.
* * * LOW HITPOINT WARNING * * *
x2 Your scale mail prevents you from hitting Terandir's ghost.
You bite Terandir's ghost, but do no damage.
Terandir's ghost is severely damaged.
The frilled lizard bites you but does no damage.
Terandir's ghost hits you but does no damage.
You hit Terandir's ghost.
Terandir's ghost is severely damaged.
The frilled lizard closely misses you. You block Terandir's ghost's attack.
You hit Terandir's ghost. Your bite misses Terandir's ghost.
Terandir's ghost is severely damaged.
The frilled lizard bites you.
* * * LOW HITPOINT WARNING * * *
Terandir's ghost hits you.
You die...

.........<####
#.........###
#............
#..##..##.## #
#..##..##.##.##
###..##..........
#....####........
#.#.#####l#######
######.#.#♣.#@.#
#........#8?W..#
#.####.###♣(#.##
#.# #.# ##### #.#
#.# #.# #.# #.#
#.# #.# #.# #.#
#.#


You could see Terandir's ghost and a frilled lizard.

Vanquished Creatures
  Terence (D:2)
  4 gnolls (D:2)
  2 adders (D:2)
  An ooze (D:1)
  2 worms (D:2)
  2 dart slugs (D:1)
  A leopard gecko (D:3)
  4 giant cockroaches
  5 goblins
  11 hobgoblins
  5 jackals
  A ball python (D:1)
  9 bats
  2 frilled lizards (D:2)
  7 kobolds
  11 rats
68 creatures vanquished.

Notes
Turn   | Place    | Note
-------+----------+-------------------------------------------
     0 | D:1      | digijack the Gnoll Skald began the quest for the Orb.
     0 | D:1      | Reached XP level 1. HP: 20/20 MP: 6/6
   172 | D:1      | Reached XP level 2. HP: 26/26 MP: 7/7
   185 | D:1      | Gained mutation: Your body sometimes deteriorates upon taking damage. [potion of mutation]
   185 | D:1      | Gained mutation: Armour fits poorly on your strangely shaped body. [potion of mutation]
   185 | D:1      | Gained mutation: You expend magic power (3 MP) to strengthen your wands. [potion of mutation]
   342 | D:1      | Learned a level 2 spell: Shroud of Golubria
   401 | D:1      | Reached XP level 3. HP: 29/31 MP: 9/9
   405 | D:1      | Reached skill level 5 in Spellcasting
   814 | D:1      | Reached skill level 1 in Invocations
  1117 | D:2      | Reached skill level 1 in Short Blades
  1117 | D:2      | Reached skill level 1 in Axes
  1117 | D:2      | Reached skill level 1 in Maces & Flails
  1117 | D:2      | Reached skill level 1 in Polearms
  1117 | D:2      | Reached skill level 1 in Staves
  1117 | D:2      | Reached skill level 1 in Slings
  1117 | D:2      | Reached skill level 1 in Bows
  1117 | D:2      | Reached skill level 1 in Crossbows
  1117 | D:2      | Reached skill level 1 in Throwing
  1117 | D:2      | Reached skill level 1 in Stealth
  1117 | D:2      | Reached skill level 1 in Shields
  1117 | D:2      | Reached skill level 1 in Unarmed Combat
  1117 | D:2      | Reached skill level 1 in Evocations
  1130 | D:2      | Noticed Terence
  1178 | D:2      | Killed Terence
  1178 | D:2      | Reached XP level 4. HP: 6/38 MP: 4/11
  1472 | D:2      | Reached skill level 1 in Conjurations
  1472 | D:2      | Reached skill level 1 in Hexes
  1472 | D:2      | Reached skill level 1 in Summonings
  1472 | D:2      | Reached skill level 1 in Necromancy
  1472 | D:2      | Reached skill level 1 in Translocations
  1472 | D:2      | Reached skill level 1 in Transmutations
  1472 | D:2      | Reached skill level 1 in Fire Magic
  1472 | D:2      | Reached skill level 1 in Ice Magic
  1472 | D:2      | Reached skill level 1 in Air Magic
  1472 | D:2      | Reached skill level 1 in Earth Magic
  1472 | D:2      | Reached skill level 1 in Poison Magic
  1488 | D:2      | Reached XP level 5. HP: 11/43 MP: 0/12
  1767 | D:2      | Learned a level 3 spell: Regeneration
  1771 | D:2      | Learned a level 3 spell: Spectral Weapon
  2627 | D:3      | Found a runed door.
  2628 | D:3      | Noticed Terandir's ghost (amateur MiFi)
  2676 | D:3      | HP: 1/43 [frilled lizard (2)]
  2676 | D:3      | Slain by Terandir's ghost

Skill      XL: |  1  2  3  4  5 |
---------------+----------------+-----
Spellcasting   | 5 |  5.2
Invocations    | 1 |  1.6
Short Blades   | 1 |  1.4
Axes           | 1 |  1.4
Maces & Flails | 1 |  1.4
Polearms       | 1 |  1.4
Staves         | 1 |  1.4
Slings         | 1 |  1.4
Bows           | 1 |  1.4
Crossbows      | 1 |  1.4
Throwing       | 1 |  1.4
Stealth        | 1 |  1.4
Shields        | 1 |  1.4
Unarmed Combat | 1 |  1.4
Evocations     | 1 |  1.4
Conjurations   | 1 |  1.1
Hexes          | 1 |  1.1
Summonings     | 1 |  1.1
Necromancy     | 1 |  1.1
Translocations | 1 |  1.1
Transmutations | 1 |  1.1
Fire Magic     | 1 |  1.1
Ice Magic      | 1 |  1.1
Air Magic      | 1 |  1.1
Earth Magic    | 1 |  1.1
Poison Magic   | 1 |  1.1
Armour         | 3 |  3.0
Fighting       | |  4.8
Long Blades    | |  4.8
Dodging        | |  4.8
Charms         | |  5.5

Action                   |  1- 3 |  4- 6 || total
-------------------------+-------+-------++-------
Melee: Falchion          |   145 |    94 ||   239
       Bite              |    15 |    19 ||    34
Throw: Throwing net      |       |     1 ||     1
 Cast: Infusion          |     3 |     1 ||     4
       Shroud of Golubri |     4 |     2 ||     6
  Use: Scroll            |     4 |     3 ||     7
       Potion            |     2 |     4 ||     6
 Stab: Sleeping          |     3 |     3 ||     6
  Eat: Chunk             |     1 |     5 ||     6
Armor: Leather armour    |    47 |    17 ||    64
       Scale mail        |       |    16 ||    16
Dodge: Dodged            |    79 |    80 ||   159
Block: Shield            |    25 |    19 ||    44
       Rpst.: Falchion   |    36 |    24 ||    60
